 Dungeon Crawl Stone Soup version 0.21.1-1-g345015f (webtiles) character file.

268 Lurcharcal the Poker (level 6, -1/52 HPs)
             Began as a Draconian Fighter on May 24, 2018.
             Was an Initiate of the Shining One.
             Slain by an adder (2 damage)
             ... on level 3 of the Dungeon.
             The game lasted 00:14:10 (1786 turns).

Lurcharcal the Poker (Draconian Fighter)            Turns: 1786, Time: 00:14:10

Health: -1/52      AC:  6    Str: 20    XL:     6   Next: 1%
Magic:  6/6        EV: 10    Int:  9    God:    the Shining One [......]
Gold:   41         SH:  9    Dex: 10    Spells: 5/5 levels left

rFire    . . .     SeeInvis .   a - +0 trident
rCold    . . .     Gourm    .   b - +0 shield
rNeg     . . .     Faith    .   (armour unavailable)
rPois    .         Spirit   .   (helmet restricted)
rElec    .         Reflect  .   (no cloak)
rCorr    .         Harm     .   (no gloves)
MR       .....                  (no boots)
Stlth    +.........             (no amulet)
HPRegen  0.17/turn              (no ring)
MPRegen  0.10/turn              (no ring)

@: lethally poisoned (-1 -> -1), glowing
A: unfitting armour, cold-blooded, AC +6
a: Renounce Religion


You were on level 3 of the Dungeon.
You worshipped the Shining One.
The Shining One was noncommittal.
You were hungry.

You visited 1 branch of the dungeon, and saw 3 of its levels.

You collected 41 gold pieces.

Inventory:

Hand Weapons
 a - a +0 trident (weapon)
 h - a +0 hunting sling
 i - a +0 spear
 l - a +0 scythe
Missiles
 j - 11 javelins (quivered)
Armour
 b - a +0 shield (worn)
Scrolls
 g - 4 scrolls of remove curse
 k - 6 scrolls of identify
Potions
 c - a potion of flight
Comestibles
 d - 4 rations
 f - 3 chunks of flesh


   Skills:
 + Level 4.0 Fighting
 + Level 4.4 Polearms
 + Level 0.5 Throwing
 + Level 3.3 Dodging
 - Level 0.3 Stealth
 + Level 4.2 Shields


You had 5 spell levels left.
You didn't know any spells.

Dungeon Overview and Level Annotations

Branches:
Dungeon (3/15)

Altars:
Xom
The Shining One

Annotations:
D:3 olivier's ghost, novice GrFi


Innate Abilities, Weirdness & Mutations

Your plain brown scales are hard. (AC +6)
You cannot fit into any form of body armour.
You are cold-blooded and may be slowed by cold attacks.


Message History

You hear an angry hiss. x2; You hear a shout! x2
The orc hits you but does no damage.
An adder comes into view.
Found a runed chain mail.
You feel sick.
You puncture the orc!
You kill the orc!
You block the adder's attack.
You miss the adder.
Your tail-slap misses the adder.
The adder barely misses you. You block the orc's attack.
You miss the adder. You block the adder's attack. The orc hits you with a whip.
* * * LOW HITPOINT WARNING * * *
The adder bites you but does no damage.
You miss the adder.
* * * LOW HITPOINT WARNING * * *
You feel sick. You block the adder's attack. You block the orc's attack.
You closely miss the adder. You tail-slap the adder.
The adder is lightly wounded.
The adder bites you.
You die...

##..@####
.o.....( .
.o...... ..
..o... ...
#...#### ....
######.......
..... #W..o....#
#.....#o###....#
#...[.#@# ##<..#
#######S# ##.##
......# ...
#.####### .#.#
..... .# #.# ##
... ..


You could see olivier's ghost, an adder and an orc.

Vanquished Creatures
  Sigmund (D:2)
  Terence (D:3)
  3 adders (D:2)
  A dart slug (D:3)
  A leopard gecko (D:2)
  3 orcs (D:3)
  4 giant cockroaches
  4 goblins
  2 hobgoblins
  4 quokkas (D:2)
  2 ball pythons (D:2)
  2 bats (D:1)
  A frilled lizard (D:2)
  10 kobolds
  7 rats (D:1)
46 creatures vanquished.

Notes
Turn   | Place    | Note
-------+----------+-------------------------------------------
     0 | D:1      | Lurcharcal the Draconian Fighter began the quest for the Orb.
     0 | D:1      | Reached XP level 1. HP: 19/19 MP: 1/1
   282 | D:1      | Reached XP level 2. HP: 23/26 MP: 2/2
   632 | D:1      | Found a glowing golden altar of the Shining One.
   639 | D:1      | Became a worshipper of the Shining One
   714 | D:2      | Reached XP level 3. HP: 10/31 MP: 3/3
  1245 | D:2      | Noticed Sigmund
  1260 | D:2      | Killed Sigmund
  1260 | D:2      | Reached XP level 4. HP: 11/40 MP: 4/4
  1260 | D:2      | Reached XP level 5. HP: 13/46 MP: 5/5
  1486 | D:2      | Found a shimmering altar of Xom.
  1744 | D:3      | Noticed Terence
  1767 | D:3      | Noticed olivier's ghost (novice GrFi)
  1772 | D:3      | Killed Terence
  1774 | D:3      | Reached XP level 6. HP: 8/52 MP: 6/6
  1781 | D:3      | HP: 2/52 [poisoned by Terence]
  1786 | D:3      | Slain by an adder

Skill      XL: |  1  2  3 |
---------------+----------+-----
Dodging        | 3 |  3.3
Fighting       | 4 |  4.0
Polearms       | 4 |  4.4
Shields        | 4 |  4.2
Throwing       | |  0.5
Stealth        | |  0.3

Action                   |  1- 3 |  4- 6 || total
-------------------------+-------+-------++-------
Melee: Trident           |    92 |    53 ||   145
       Tailslap          |     7 |     8 ||    15
Throw: Javelin           |     5 |     1 ||     6
  Use: Scroll            |     4 |     2 ||     6
       Potion            |     2 |       ||     2
  Eat: Chunk             |     1 |     1 ||     2
Armor: Skin              |    22 |     8 ||    30
Dodge: Dodged            |    45 |    20 ||    65
Block: Shield            |    53 |    32 ||    85
